 Dungeon Crawl Stone Soup version 0.21.1-1-g345015fe64 (webtiles) character file.

10726 Nattfarinn the Unseen (level 11, -5/69 HPs)
             Began as a Vampire Enchanter on May 2, 2018.
             Was a Follower of Kikubaaqudgha.
             Slain by a killer bee (12 damage)
             ... on level 9 of the Dungeon.
             The game lasted 00:54:30 (15982 turns).

Nattfarinn the Unseen (Vampire Enchanter)          Turns: 15982, Time: 00:54:30

Health: -5/69      AC:  0    Str:  7    XL:     11   Next: 40%
Magic:  0/18       EV: 31    Int: 24    God:    Kikubaaqudgha [*.....]
Gold:   489        SH:  0    Dex: 24    Spells: 8/20 levels left

rFire    . . .     SeeInvis +   (weapon currently unavailable)
rCold    + + .     Gourm    .   (shield currently unavailable)
rNeg     + + +     Faith    .   (armour currently unavailable)
rPois    ∞         Spirit   +   (helmet currently unavailable)
rElec    .         Reflect  .   (cloak currently unavailable)
rCorr    .         Harm     .   (gloves currently unavailable)
MR       +....                  (boots currently unavailable)
Stlth    +++++++++.             M - amulet of the Okapi {Spirit Int+7}
HPRegen  0.00/turn              (ring currently unavailable)
MPRegen  0.16/turn              (ring currently unavailable)

@: bat-form, flying, bloodless, non-regenerating, very quick
A: tiny, fangs 3, see invisible
a: End Transformation, Receive Corpses, Renounce Religion


You were on level 9 of the Dungeon.
You worshipped Kikubaaqudgha.
Kikubaaqudgha was aware of your devotion.
You were bloodless.
You were in vampire-bat-form.
You visited 2 branches of the dungeon, and saw 10 of its levels.
You also visited: Sewer and Ossuary.

You collected 489 gold pieces.

Inventory:

Hand Weapons
 a - a +1 dagger
 k - a +2 dagger of draining (melded)
Armour
 b - a +0 robe (melded)
 n - a +0 helmet (melded)
 I - the +1 robe of Immorality {rC++ Int+2 Dex+5 Slay-5}
   (You found it on level 7 of the Dungeon)

   It affects your intelligence (+2).
   It affects your dexterity (+5).
   It affects your accuracy and damage with ranged weapons and melee attacks
   (-5).
   It greatly protects you from cold.
 K - +0 steam dragon scales
Jewellery
 f - an uncursed ring of ice
 p - a +3 ring of strength (melded)
 s - a +2 ring of slaying (melded)
 M - the amulet of the Okapi (around neck) {Spirit Int+7}
   (You found it in an ossuary)

   [amulet of guardian spirit]

   It causes incoming damage to be split between your health and magic.
   It affects your intelligence (+7).
Wands
 H - a wand of enslavement (12)
 N - a wand of iceblast (10)
 O - a wand of acid (6)
Scrolls
 e - 4 scrolls of teleportation
 g - 5 scrolls of fear
 h - 4 scrolls of remove curse
 j - a scroll of random uselessness {unknown}
 t - 2 scrolls of enchant armour
 u - 3 scrolls of magic mapping
 x - 4 scrolls of amnesia
 y - 2 scrolls of fog {unknown}
 D - a scroll of immolation {unknown}
 J - 2 scrolls of enchant weapon {unknown}
 L - a scroll of brand weapon {unknown}
 P - a scroll of vulnerability {unknown}
Potions
 i - 4 potions of agility
 l - a potion of degeneration {unknown}
 m - 2 potions of mutation {unknown}
 o - 3 potions of flight
 q - 12 potions of blood
 r - 3 potions of lignification
 v - a potion of ambrosia {unknown}
 w - 3 potions of heal wounds
 z - a potion of magic {unknown}
 A - 2 potions of haste {unknown}
 B - 2 potions of invisibility {unknown}
 C - 4 potions of curing
 E - 2 potions of brilliance {unknown}
 F - 2 potions of might {unknown}
 G - 2 potions of cancellation {unknown}
Books
 c - a book of Maledictions

   Spells                             Type                      Level
   a - Corona                         Hexes                        1
   b - Ensorcelled Hibernation        Hexes/Ice                    2
   c - Confuse                        Hexes                        3
   d - Tukima's Dance                 Hexes                        3
   e - Dazzling Spray                 Conjuration/Hexes            3
 d - Kikubaaqudgha's Reference Book on Unholy Arts
   (Kikubaaqudgha gifted it to you on level 9 of the Dungeon)

   Spells                             Type                      Level
   a - Animate Skeleton               Necromancy                   1
   b - Pain                           Necromancy                   1
   c - Sublimation of Blood           Necromancy                   2
   d - Vampiric Draining              Necromancy                   3


   Skills:
 - Level 0.7 Fighting
 + Level 8.5 Short Blades
 + Level 8.8 Dodging
 * Level 18.3 Stealth
 - Level 5.0 Spellcasting
 - Level 7.2 Hexes
 - Level 1.9 Ice Magic


You had 8 spell levels left.
You knew the following spells:

 Your Spells              Type           Power        Failure   Level  Hunger
a - Corona                Hex            #####..      1%          1    None
b - Ensorcelled Hibernat  Hex/Ice        ####..       1%          2    None
c - Confuse               Hex            #####...     1%          3    ##.....
d - Tukima's Dance        Hex            #####...     1%          3    ##.....
e - Vampiric Draining     Necr           #.........   26%         3    ##.....


Dungeon Overview and Level Annotations

Branches:
Dungeon (9/15)             Temple (1/1) D:6            Lair (0/6) D:8
    Orc: D:9-12

Altars:
Ashenzari
Cheibriados
Dithmenos
Elyvilon
Fedhas
Gozag
Hepliaklqana
Kikubaaqudgha
Makhleb
Nemelex Xobeh
Okawaru
Qazlal
Ru
Sif Muna
Trog
Uskayaw
Vehumet
Wu Jian
Xom
Yredelemnul
Zin
The Shining One


Innate Abilities, Weirdness & Mutations

You do not heal naturally.
You are immune to poison.
You have razor-sharp teeth.
You have supernaturally acute eyesight. (SInv)
((You can survive without breathing.))


Message History

Things that are here:
a plate armour; 4 tomahawks; a dire flail The killer bee misses you.
The killer bee stings you.
* * * LOW HITPOINT WARNING * * *
The killer bee barely misses you. The killer bee completely misses you.
The killer bee misses you.
There is an open door here.
The killer bee completely misses you. The killer bee completely misses you.
There is an open door here.
The killer bee closely misses you. The killer bee stings you.
* * * LOW HITPOINT WARNING * * *
There is a stone staircase leading up here.
The killer bee completely misses you. The killer bee misses you.
The killer bee stings you!
You die...
Kikubaaqudgha rasps: "You have failed me!
Welcome... oblivion!"

#.# ##'##### #.. ##.##### #...#
##. #......# ###.# ####' #......#
####'###### #.... #......#
#......[..# #.... #......###
#.........# #.... #....<...#
#.....[...# ####....
#......#.#####.........###..'....
#####.##.....'..b[.....'...##....
#.########..y......######....
#.## ####'###### #.... #..# #...#
####. ######'## ###.# ####..
#.......# ####'## ###.....
#.......# #.....#####.'.....
#.......### #.....'[[...#.....
#..>....'.## #.....#######.....


You could see a killer bee (berserk).

Vanquished Creatures
  The ghost of freekh the Basher, a journeyman GnWn of Okawaru (D:9)
  A two-headed ogre (D:8)
  The ghost of artanisace the Grappler, a novice TrMo of Nemelex Xobeh (D:8)
  Pikel (D:9)
  2 orc knights (D:8)
  Grinder (D:5)
  Sigmund (D:2)
  A spriggan (D:8)
  A steam dragon (D:9)
  14 wargs
  2 hell hounds (D:8)
  8 orc warriors
  2 ice beasts
  A sky beast (D:5)
  A slave (D:9)
  3 phantoms
  2 ogres
  4 centaurs
  3 bullfrogs
  9 big kobolds
  10 scorpions
  7 killer bees (D:9)
  4 crimson imps
  5 centaur zombies (Ossuary)
  4 hounds
  A jelly (D:7)
  A quasit (D:9)
  2 human zombies (Ossuary)
  6 orc priests
  A centaur skeleton (D:8)
  Jessica (D:2)
  2 bullfrog skeletons
  2 iguanas
  8 worker ants
  5 orc wizards
  3 big kobold zombies (Ossuary)
  3 mummies (Ossuary)
  A worker ant zombie (D:9)
  Robin (D:2)
  7 gnolls
  A howler monkey skeleton (D:8)
  11 adders
  3 river rats
  2 shadow imps
  7 oozes
  An adder zombie (D:8)
  An adder skeleton (D:6)
  6 worms
  2 dart slugs (D:1)
  2 leopard geckos
  49 orcs
  4 ball pythons
  4 bats
  7 giant cockroaches
  15 goblins
  9 hobgoblins
  5 jackals
  4 quokkas
  2 frilled lizards
  4 gnoll zombies (Ossuary)
  A goblin zombie (Ossuary)
  24 kobolds
  2 kobold zombies (Ossuary)
  2 orc zombies (Ossuary)
  A quokka zombie (D:7)
  15 rats
317 creatures vanquished.

Vanquished Creatures (others)
  A slave (D:9)
  A scorpion (Ossuary)
  A centaur zombie (Ossuary)
  A jelly (D:9)
  A scorpion zombie (Ossuary)
  A kobold zombie (Ossuary)
  A plant (D:8)
7 creatures vanquished.

Grand Total: 324 creatures vanquished

Notes
Turn   | Place    | Note
-------+----------+-------------------------------------------
     0 | D:1      | Nattfarinn the Vampire Enchanter began the quest for the Orb.
     0 | D:1      | Reached XP level 1. HP: 13/13 MP: 3/3
   113 | D:1      | Reached skill level 5 in Hexes
   151 | D:1      | Reached XP level 2. HP: 19/19 MP: 5/5
   155 | D:1      | Learned a level 2 spell: Ensorcelled Hibernation
   352 | D:1      | Reached skill level 5 in Stealth
  1086 | D:1      | Reached XP level 3. HP: 24/24 MP: 6/6
  1811 | D:2      | Noticed Sigmund
  1811 | D:2      | Noticed Jessica
  1811 | D:2      | Noticed Robin
  1881 | D:2      | Reached skill level 1 in Ice Magic
  1964 | D:2      | Killed Sigmund
  1964 | D:2      | Reached skill level 7 in Stealth
  1964 | D:2      | Reached XP level 4. HP: 24/31 MP: 0/8
  1964 | D:2      | Reached XP level 5. HP: 28/36 MP: 0/9
  2370 | D:2      | Killed Jessica
  2370 | D:2      | Reached skill level 8 in Stealth
  2556 | D:2      | Learned a level 3 spell: Confuse
  2792 | D:2      | Reached XP level 6. HP: 42/42 MP: 3/10
  2870 | D:2      | Killed Robin
  4126 | D:4      | Reached skill level 9 in Stealth
  4592 | D:4      | Reached XP level 7. HP: 47/47 MP: 10/12
  4688 | D:4      | Found a glowing drain.
  4700 | Sewer    | Entered a sewer
  5219 | Sewer    | Reached skill level 10 in Stealth
  5445 | Sewer    | Reached XP level 8. HP: 50/53 MP: 9/15
  5782 | D:4      | Reached skill level 5 in Spellcasting
  6054 | D:4      | Found a burning altar of Makhleb.
  6102 | D:5      | Entered Level 5 of the Dungeon
  6158 | D:5      | Reached skill level 11 in Stealth
  6752 | D:5      | Reached skill level 12 in Stealth
  6834 | D:5      | Noticed Grinder
  6836 | D:5      | Killed Grinder
  7205 | D:6      | Found a staircase to the Ecumenical Temple.
  7406 | D:6      | Reached XP level 9. HP: 58/58 MP: 16/16
  7651 | D:7      | Reached skill level 13 in Stealth
  7768 | D:7      | Got a thick robe
  7809 | D:7      | Found a sand-covered staircase.
  7814 | Ossuary  | Entered an ossuary
  7825 | Ossuary  | Identified the +1 robe of Immorality {rC++ Int+2 Dex+5 Slay-5} (You found it on level 7 of the Dungeon)
  7896 | Ossuary  | Reached skill level 5 in Dodging
  8081 | Ossuary  | Reached skill level 14 in Stealth
  8136 | Ossuary  | Reached skill level 5 in Short Blades
  8884 | Ossuary  | Got a transparent platinum amulet
  8886 | Ossuary  | Identified the amulet of the Okapi {Spirit Int+7} (You found it in an ossuary)
  9609 | Temple   | Entered the Ecumenical Temple
  9967 | D:8      | Reached skill level 15 in Stealth
 10096 | D:8      | Found a staircase to the Lair.
 10149 | D:8      | Reached XP level 10. HP: 64/64 MP: 14/17
 10457 | D:8      | Noticed a two-headed ogre
 11551 | D:8      | Killed a two-headed ogre
 11551 | D:8      | Reached skill level 16 in Stealth
 11595 | D:8      | Noticed artanisace's ghost (novice TrMo)
 11671 | D:8      | Killed artanisace's ghost
 12151 | D:8      | Noticed an orc knight
 12160 | D:8      | Killed an orc knight
 12437 | D:8      | Reached skill level 17 in Stealth
 13152 | D:9      | Noticed Pikel
 13171 | D:9      | Killed Pikel
 13171 | D:9      | Reached XP level 11. HP: 68/69 MP: 15/18
 13277 | D:9      | Found an ancient bone altar of Kikubaaqudgha.
 13291 | D:9      | Became a worshipper of Kikubaaqudgha
 13809 | D:8      | Noticed an orc knight
 13847 | D:8      | Killed an orc knight
 14180 | D:9      | Reached skill level 18 in Stealth
 14281 | D:9      | Noticed freekh's ghost (journeyman GnWn)
 14914 | D:8      | Learned a level 3 spell: Tukima's Dance
 14969 | D:9      | Reached * piety under Kikubaaqudgha
 14969 | D:9      | Identified Kikubaaqudgha's Reference Book on Unholy Arts (Kikubaaqudgha gifted it to you on level 9 of the Dungeon)
 14969 | D:9      | Received a gift from Kikubaaqudgha
 14984 | D:8      | Learned a level 3 spell: Vampiric Draining
 15773 | D:9      | Killed freekh's ghost
 15982 | D:9      | Slain by a killer bee

Skill      XL: |  1  2  3  4  5  6  7  8  9 10 11 |
---------------+----------------------------------+-----
Hexes          | 5 6 7 |  7.2
Stealth        | 5 7 8 9 10 12 15 17 18 | 18.3
Ice Magic      | 1 |  1.9
Spellcasting   | 3 4 5 |  5.0
Short Blades   | 3 5 7 8 |  8.5
Dodging        | 4 6 8 |  8.8
Fighting       | |  0.7

Action                   |  1- 3 |  4- 6 |  7- 9 | 10-12 || total
-------------------------+-------+-------+-------+-------++-------
Melee: Dagger            |    91 |   113 |   317 |   236 ||   757
       Bite              |     5 |     6 |    19 |    21 ||    51
 Cast: Corona            |     4 |       |       |       ||     4
       Ensorcelled Hiber |    18 |    29 |    56 |    72 ||   175
       Confuse           |       |       |    29 |    37 ||    66
 Abil: Bat Form          |       |       |       |     2 ||     2
       End Transformatio |       |       |       |     1 ||     1
Evoke: Wand              |       |       |       |     4 ||     4
  Use: Potion            |       |     1 |     3 |     5 ||     9
       Scroll            |       |       |       |    12 ||    12
 Stab: Sleeping          |    23 |    30 |    89 |    45 ||   187
       Distracted        |     1 |       |     1 |     2 ||     4
       Confused          |       |       |    14 |    21 ||    35
  Eat: Corpse            |     1 |     1 |       |     1 ||     3
Armor: Robe              |    13 |    13 |    36 |    16 ||    78
Dodge: Dodged            |    49 |    73 |   176 |   169 ||   467
